 Dungeon Sprint DCSS version 0.16-a0-3962-g290d66c (webtiles) character file.

22 BluebellGnoll the Sneak (level 2, -3/16 HPs)
             Began as a Spriggan Berserker on Feb 10, 2015.
             Was a Priest of Trog.
             Killed from afar by a gargoyle (19 damage)
             ... with a stone arrow
             ... in the Dungeon (Sprint IX: "|||||||||||||||||||||||||||||").
             The game lasted 00:01:17 (210 turns).

BluebellGnoll the Sneak (Spriggan Berserker)         Turns: 210, Time: 00:01:22

Health: -3/16      AC:  2    Str: 13    XL:     2   Next: 68%
Magic:  4/4        EV: 19    Int: 11    God:    Trog [***...]
Gold:   0          SH:  0    Dex: 18    Spells: 0 memorised, 1 level left

rFire  . . .     SeeInvis +     m - +2 rapier (elec)
rCold  . . .     Clarity  .     b - +0 animal skin
rNeg   . . .     SustAb   .     (shield restricted)
rPois  .         Gourm    .     (helmet restricted)
rElec  .         Spirit   .     (no cloak)
rCorr  .         Warding  .     (gloves unavailable)
rMut   .         NoTele   +     (boots unavailable)
MR     ++...                    (no amulet)
Stlth  ++++......               a - +3 ring of intelligence
                                n - +3 ring of dexterity

@: regenerating, very quick, very resistant to hostile enchantments, stealthy
A: unfitting armour, see invisible, herbivore 3, speed 3, slow metabolism 2
a: Burn Spellbooks, Berserk, Trog's Hand, Renounce Religion


You were in the Dungeon.
You worshipped Trog.
Trog was most pleased with you.
You were not hungry.

You visited 1 branch

Inventory:

Hand weapons
 m - a +2 rapier of electrocution (weapon)
Armour
 b - a +0 animal skin (worn)
Jewellery
 a - a +3 ring of intelligence (right hand)
 n - a +3 ring of dexterity (left hand)
Magical devices
 l - a wand of draining (7)
Scrolls
 i - 2 scrolls of blinking
 k - 3 scrolls of remove curse
Potions
 d - 5 potions of curing
 e - 3 potions of heal wounds
 f - a potion of haste
 g - 4 potions of magic
 h - a potion of berserk rage
 j - a potion of invisibility
Comestibles
 c - a bread ration


   Skills:
 - Level 3.1 Fighting
 + Level 3.9 Short Blades
 - Level 1.5 Armour
 - Level 3.2 Dodging
 - Level 6.6 Stealth


You had one spell level left.
You didn't know any spells.

Dungeon Overview and Level Annotations

Branches:
Dungeon (1/1)

Altars:
Cheibriados
Dithmenos
Elyvilon
Fedhas
Gozag
Kikubaaqudgha
Makhleb
Nemelex Xobeh
Okawaru
Qazlal
Ru
Sif Muna
Trog
Vehumet
Xom
Yredelemnul
Zin
The Shining One
Beogh
Jiyva
Lugonu


Innate Abilities, Weirdness & Mutations

You are tiny and cannot use many weapons and most armour.
You have supernaturally acute eyesight.
You are a herbivore.
You cover ground extremely quickly.
You need consume almost no food.


Message History

You feel clever.
a - a +3 ring of intelligence (right hand)
You start resting.
HP restored.
Use which ability? (? or * to list)
Your skin crawls.
You feel resistant to hostile enchantments.
You feel slightly more hungry.
You can no longer call in reinforcements.
You open the door.
A gargoyle, a hobgoblin, a kobold and 3 orcs come into view.
There is an open door to the Dungeon here.
The helpless gargoyle fails to defend itself.
You impale the gargoyle!!
The gargoyle is severely damaged.
The orc shouts!
The gargoyle hurls a stone arrow at you.
The stone arrow hits you!
Ouch! That really hurt!
You die... ▓▓▓▓▓▓▓▓▓▓▓▓▓▓▓▓▓▓▓▓▓▓▓▓ ______'.?|)[[[..@9oogKo+ ▓▓▓▓▓▓▓▓▓▓▓▓▓▓▓▓▓▓▓▓▓▓▓▓

You could see a gargoyle, 3 orcs, a hobgoblin (wandering) and a kobold (wandering).

Vanquished Creatures
  An adder (D)
  An adder zombie (D)
  A bat zombie (D)
  A goblin (D)
  2 hobgoblins (D)
  A jackal (D)
  A bat (D)
  A giant newt (D)
  A rat (D)
10 creatures vanquished.

Notes
Turn   | Place    | Note
--------------------------------------------------------------
     0 | D        | BluebellGnoll, the Spriggan Berserker, began the quest for the Orb.
     0 | D        | Reached XP level 1. HP: 11/11 MP: 2/2
    14 | D        | Acquired Trog's second power
    53 | D        | Reached skill level 5 in Stealth
    53 | D        | Reached XP level 2. HP: 12/16 MP: 4/4
    73 | D        | Reached skill level 6 in Stealth
    75 | D        | Acquired Trog's third power
    81 | D        | Found a glowing silver altar of Zin.
    81 | D        | Found a glowing golden altar of the Shining One.
    81 | D        | Found an ancient bone altar of Kikubaaqudgha.
    81 | D        | Found a basalt altar of Yredelemnul.
    81 | D        | Found a shimmering altar of Xom.
    81 | D        | Found a radiant altar of Vehumet.
    81 | D        | Found an iron altar of Okawaru.
    82 | D        | Found a burning altar of Makhleb.
    83 | D        | Found a deep blue altar of Sif Muna.
    84 | D        | Found a bloodstained altar of Trog.
    85 | D        | Found a sparkling altar of Nemelex Xobeh.
    86 | D        | Found a white marble altar of Elyvilon.
    87 | D        | Found a roughly hewn altar of Beogh.
    88 | D        | Found a viscous altar of Jiyva.
    89 | D        | Found a corrupted altar of Lugonu.
    90 | D        | Found a blossoming altar of Fedhas.
    91 | D        | Found a snail-covered altar of Cheibriados.
    92 | D        | Found a shadowy altar of Dithmenos.
    93 | D        | Found a stormy altar of Qazlal.
    94 | D        | Found an opulent altar of Gozag.
    95 | D        | Found a sacrificial altar of Ru.
   208 | D        | Noticed a gargoyle
   210 | D        | Killed from afar by a gargoyle

Action                   || total
-------------------------++-------
Melee: Short sword       ||    40
       Rapier            ||     1
Invok: Trog's Hand       ||     2
 Stab: Sleeping          ||     1
